TOP OF THE 1ST |
Louisiana Dragoons batting - Pitching for Connetquot Chiefs : RHP Min-gook Chong
|
Pitching: RHP Min-gook Chong
|
|
Batting: RHB Wessel Wemerman
|
0-0: Swinging Strike 0-1: Foul Ball, location: 2F 0-2: Strikes out swinging
|
Batting: RHB Fernando Rutledge
|
0-0: Swinging Strike 0-1: Ball 1-1: Foul Ball, location: 2F 1-2: DOUBLE (Line Drive, 7LS)
|
Batting: RHB Anastasio Hernández
|
0-0: Ball 1-0: Called Strike 1-1: Called Strike 1-2: Foul Ball, location: 2F 1-2: Strikes out swinging
|
Batting: LHB Damian Delaney
|
0-0: 2-RUN HOME RUN (Flyball, 8RXD), Distance : 456 ft
|
Batting: RHB Eduardo Rivera
|
0-0: Foul Ball, location: 2F 0-1: Ball 1-1: Ground out 6-3 (Groundball, 6)
|
Top of the 1st over - 2 run(s), 2 hit(s), 0 error(s), 0 left on base; Louisiana 2 - Connetquot 0 |
BOTTOM OF THE 1ST |
Connetquot Chiefs batting - Pitching for Louisiana Dragoons : RHP Ricardo Suárez
|
Pitching: RHP Ricardo Suárez
|
|
Batting: RHB David Pérez
|
0-0: Ball 1-0: Foul Ball, location: 2F 1-1: Foul Ball, location: 2F 1-2: Ball 2-2: Ball 3-2: Foul Ball, location: 2F 3-2: Foul Ball, location: 2F 3-2: Base on Balls
|
Batting: LHB SaQwan Hackett
|
0-0: Ball 1-0: Ball 2-0: SINGLE (Groundball, 4M) David Pérez to second
|
Batting: RHB José Magana
|
0-0: Foul Ball, location: 2F 0-1: Swinging Strike 0-2: Grounds into double play, 1-4-3 (Groundball, 15) David Pérez to third
|
Batting: RHB Andrés Gonzáles
|
0-0: Ball 1-0: Swinging Strike 1-1: Called Strike 1-2: Ball 2-2: Strikes out looking
|
Bottom of the 1st over - 0 run(s), 1 hit(s), 0 error(s), 1 left on base; Louisiana 2 - Connetquot 0 |
TOP OF THE 2ND |
Louisiana Dragoons batting - Pitching for Connetquot Chiefs : RHP Min-gook Chong
|
Batting: RHB José Rodríguez
|
0-0: SINGLE (Line Drive, 7S)
|
Batting: RHB Roberto Hernández
|
0-0: Called Strike 0-1: SINGLE (Line Drive, 6) José Rodríguez to second
|
Batting: RHB Armando Carmona
|
0-0: Called Strike Balk! José Rodríguez to third Roberto Hernández to second 0-1: Foul Ball, location: 2F 0-2: Ground out 5-3 (Groundball, 56) José Rodríguez scores
|
Batting: SHB Eduardo Pampin
|
0-0: Fly out, F9 (Flyball, 89M)
|
Batting: RHB Wessel Wemerman
|
0-0: Foul Ball, location: 2F 0-1: Ball 1-1: Ball 2-1: Ball 3-1: Base on Balls
|
Batting: RHB Fernando Rutledge
|
0-0: Fly out, F3 (Popup, 3)
|
Top of the 2nd over - 1 run(s), 2 hit(s), 0 error(s), 2 left on base; Louisiana 3 - Connetquot 0 |
BOTTOM OF THE 2ND |
Connetquot Chiefs batting - Pitching for Louisiana Dragoons : RHP Ricardo Suárez
|
Batting: RHB Geoffrey Broekhuizen
|
0-0: Ball 1-0: Ball 2-0: Ground out 6-3 (Groundball, 6)
|
Batting: SHB Josh Sanders
|
0-0: Swinging Strike 0-1: Ball 1-1: SINGLE (Line Drive, 9LS)
|
Batting: RHB Dale Quick
|
0-0: Called Strike 0-1: Ball 1-1: Ball 2-1: Fly out, F4 (Popup, 3DF)
|
Batting: RHB Jesús Quintana
|
0-0: Ball 1-0: Fielders Choice at 2nd, U6 (Groundball, 6M)
|
Bottom of the 2nd over - 0 run(s), 1 hit(s), 0 error(s), 1 left on base; Louisiana 3 - Connetquot 0 |
TOP OF THE 3RD |
Louisiana Dragoons batting - Pitching for Connetquot Chiefs : RHP Min-gook Chong
|
Batting: RHB Anastasio Hernández
|
0-0: Foul Ball, location: 2F 0-1: Ball 1-1: Swinging Strike 1-2: Ball 2-2: SINGLE (Line Drive, 89S)
|
Batting: LHB Damian Delaney
|
0-0: Foul Ball, location: 2F 0-1: Ball 1-1: Fielders Choice at 2nd, 4-6 (Groundball, 4)
|
Batting: RHB Eduardo Rivera
|
0-0: Called Strike 0-1: Ball 1-1: Ball 2-1: Called Strike 2-2: Ground out U3 (Groundball, 3S) Damian Delaney to second
|
Batting: RHB José Rodríguez
|
0-0: Ball 1-0: Ball 2-0: Called Strike 2-1: Ball 3-1: Foul Ball, location: 2F 3-2: Foul Ball, location: 2F 3-2: Base on Balls
|
Batting: RHB Roberto Hernández
|
0-0: Called Strike 0-1: Ball 1-1: Fly out, F5 (Popup, 56)
|
Top of the 3rd over - 0 run(s), 1 hit(s), 0 error(s), 2 left on base; Louisiana 3 - Connetquot 0 |
BOTTOM OF THE 3RD |
Connetquot Chiefs batting - Pitching for Louisiana Dragoons : RHP Ricardo Suárez
|
Batting: LHB Cornelius Taitt
|
0-0: Foul Ball, location: 2F 0-1: Ball 1-1: Called Strike 1-2: Ball 2-2: Ball 3-2: Foul Ball, location: 2F 3-2: Foul Ball, location: 2F 3-2: DOUBLE (Line Drive, 8LXD)
|
Batting: RHB David Pérez
|
0-0: Foul Ball, location: 2F 0-1: Ball 1-1: Ball 2-1: Foul Ball, location: 2F 2-2: Ground out 5-3 (Groundball, 5S) Cornelius Taitt to third
|
Batting: LHB SaQwan Hackett
|
0-0: Ball 1-0: Called Strike 1-1: Called Strike 1-2: Fly out, F8 (Flyball, 8RM) Runner from 3rd tags up, SCORES, throw made
|
Batting: RHB José Magana
|
0-0: Ground out 5-3 (Groundball, 5S)
|
Bottom of the 3rd over - 1 run(s), 1 hit(s), 0 error(s), 0 left on base; Louisiana 3 - Connetquot 1 |
TOP OF THE 4TH |
Louisiana Dragoons batting - Pitching for Connetquot Chiefs : RHP Min-gook Chong
|
Batting: RHB Armando Carmona
|
0-0: Ground out 6-3 (Groundball, 6)
|
Batting: SHB Eduardo Pampin
|
0-0: Ground out 6-3 (Groundball, 6)
|
Batting: RHB Wessel Wemerman
|
0-0: Called Strike 0-1: Called Strike 0-2: Strikes out swinging
|
Top of the 4th over - 0 run(s), 0 hit(s), 0 error(s), 0 left on base; Louisiana 3 - Connetquot 1 |
BOTTOM OF THE 4TH |
Connetquot Chiefs batting - Pitching for Louisiana Dragoons : RHP Ricardo Suárez
|
Batting: RHB Andrés Gonzáles
|
0-0: Fly out, F9 (Flyball, 89M)
|
Batting: RHB Geoffrey Broekhuizen
|
0-0: Swinging Strike 0-1: Ball 1-1: SINGLE (Line Drive, 4MD)
|
Batting: SHB Josh Sanders
|
0-0: Ball 1-0: Foul Ball, location: 2F 1-1: Ball 2-1: Ball 3-1: Fielders Choice at 2nd, 4-6 (Groundball, 34)
|
Batting: RHB Dale Quick
|
0-0: Ball 1-0: Ball Josh Sanders steals 2nd base 2-0: Ball 3-0: Called Strike 3-1: Ground out 5-3 (Groundball, 5)
|
Bottom of the 4th over - 0 run(s), 1 hit(s), 0 error(s), 1 left on base; Louisiana 3 - Connetquot 1 |
TOP OF THE 5TH |
Louisiana Dragoons batting - Pitching for Connetquot Chiefs : RHP Min-gook Chong
|
Batting: RHB Fernando Rutledge
|
0-0: Ball 1-0: Swinging Strike 1-1: Foul Ball, location: 2F 1-2: Ball 2-2: Ball 3-2: Strikes out looking
|
Batting: RHB Anastasio Hernández
|
0-0: Swinging Strike 0-1: Ball 1-1: Foul Ball, location: 2F 1-2: Strikes out looking
|
Batting: LHB Damian Delaney
|
0-0: Swinging Strike 0-1: Swinging Strike 0-2: Ball 1-2: Ball 2-2: Ball 3-2: Base on Balls
|
Batting: RHB Eduardo Rivera
|
0-0: Swinging Strike 0-1: Ball Damian Delaney is caught stealing 2nd base
|
Top of the 5th over - 0 run(s), 0 hit(s), 0 error(s), 0 left on base; Louisiana 3 - Connetquot 1 |
BOTTOM OF THE 5TH |
Connetquot Chiefs batting - Pitching for Louisiana Dragoons : RHP Ricardo Suárez
|
Batting: RHB Jesús Quintana
|
0-0: Ball 1-0: Called Strike 1-1: Foul Ball, location: 2F 1-2: Strikes out looking
|
Batting: LHB Cornelius Taitt
|
0-0: Foul Ball, location: 2F 0-1: Ball 1-1: Foul Ball, location: 2F 1-2: Strikes out swinging
|
Batting: RHB David Pérez
|
0-0: Called Strike 0-1: Ball 1-1: Foul Ball, location: 2F 1-2: Strikes out looking
|
Bottom of the 5th over - 0 run(s), 0 hit(s), 0 error(s), 0 left on base; Louisiana 3 - Connetquot 1 |
TOP OF THE 6TH |
Louisiana Dragoons batting - Pitching for Connetquot Chiefs : RHP Min-gook Chong
|
Batting: RHB Eduardo Rivera
|
0-0: Ball 1-0: Swinging Strike 1-1: Ground out 1-3 (Groundball, 15)
|
Batting: RHB José Rodríguez
|
0-0: Called Strike 0-1: Ball 1-1: Swinging Strike 1-2: Foul Ball, location: 2F 1-2: Foul Ball, location: 2F 1-2: Ground out 5-3 (Groundball, 5)
|
Batting: RHB Roberto Hernández
|
0-0: Called Strike 0-1: Ball 1-1: Swinging Strike 1-2: Ball 2-2: Ball 3-2: Ground out 6-3 (Groundball, 6)
|
Top of the 6th over - 0 run(s), 0 hit(s), 0 error(s), 0 left on base; Louisiana 3 - Connetquot 1 |
BOTTOM OF THE 6TH |
Connetquot Chiefs batting - Pitching for Louisiana Dragoons : RHP Ricardo Suárez
|
Batting: LHB SaQwan Hackett
|
0-0: Swinging Strike 0-1: Ball 1-1: Foul Ball, location: 2F 1-2: Strikes out swinging
|
Batting: RHB José Magana
|
0-0: Called Strike 0-1: Foul Ball, location: 2F 0-2: Ball 1-2: Reached on error, E6 (Groundball, 6)
|
Batting: RHB Andrés Gonzáles
|
0-0: Called Strike 0-1: Ground out 5-3 (Groundball, 56S) José Magana to second
|
Batting: RHB Geoffrey Broekhuizen
|
0-0: SINGLE (Line Drive, 78S) José Magana to third Runner from 3rd tries for Home, SAFE, no throw or cutoff
|
Batting: SHB Josh Sanders
|
0-0: Foul Ball, location: 2F 0-1: Ball 1-1: Foul Ball, location: 2F 1-2: Fly out, F8 (Flyball, 8RM)
|
Bottom of the 6th over - 1 run(s), 1 hit(s), 1 error(s), 1 left on base; Louisiana 3 - Connetquot 2 |
TOP OF THE 7TH |
Louisiana Dragoons batting - Pitching for Connetquot Chiefs : RHP Min-gook Chong
|
Batting: RHB Armando Carmona
|
0-0: Ball 1-0: Foul Ball, location: 2F 1-1: Swinging Strike 1-2: Foul Ball, location: 2F 1-2: Ground out 4-3 (Groundball, 4M)
|
Batting: SHB Eduardo Pampin
|
0-0: Ball 1-0: Called Strike 1-1: Foul Ball, location: 2F 1-2: Strikes out looking
|
Batting: RHB Wessel Wemerman
|
0-0: Ball 1-0: Fly out, F8 (Flyball, 89D)
|
Top of the 7th over - 0 run(s), 0 hit(s), 0 error(s), 0 left on base; Louisiana 3 - Connetquot 2 |
BOTTOM OF THE 7TH |
Connetquot Chiefs batting - Pitching for Louisiana Dragoons : RHP Ricardo Suárez
|
Pitching: RHP Lou Erwin
|
|
Batting: RHB Dale Quick
|
0-0: Called Strike 0-1: Ball 1-1: Foul Ball, location: 2F 1-2: Ball 2-2: Ball 3-2: Fly out, F7 (Flyball, 78M)
|
Batting: RHB Jesús Quintana
|
0-0: Ground out 5-3 (Groundball, 56S)
|
Batting: LHB Cornelius Taitt
|
0-0: Ball 1-0: Foul Ball, location: 2F 1-1: Ball 2-1: Ground out 4-3 (Groundball, 4M)
|
Bottom of the 7th over - 0 run(s), 0 hit(s), 0 error(s), 0 left on base; Louisiana 3 - Connetquot 2 |
TOP OF THE 8TH |
Louisiana Dragoons batting - Pitching for Connetquot Chiefs : RHP Min-gook Chong
|
Pitching: RHP Carlos Rosales
|
|
Batting: RHB Fernando Rutledge
|
0-0: Fly out, F9 (Flyball, 9M)
|
Batting: RHB Anastasio Hernández
|
0-0: Ball 1-0: Called Strike 1-1: Ball 2-1: Foul Ball, location: 2F 2-2: Strikes out swinging
|
Batting: LHB Damian Delaney
|
0-0: Swinging Strike 0-1: Foul Ball, location: 2F 0-2: Ball 1-2: Ball 2-2: Foul Ball, location: 2F 2-2: Ground out 1-3 (Groundball, 15S)
|
Top of the 8th over - 0 run(s), 0 hit(s), 0 error(s), 0 left on base; Louisiana 3 - Connetquot 2 |
BOTTOM OF THE 8TH |
Connetquot Chiefs batting - Pitching for Louisiana Dragoons : RHP Lou Erwin
|
Pitching: RHP Ramón Martínez
|
|
Batting: RHB David Pérez
|
0-0: Ball 1-0: Foul Ball, location: 2F 1-1: Swinging Strike 1-2: Ball 2-2: Ball 3-2: Strikes out swinging
|
Batting: LHB SaQwan Hackett
|
0-0: Foul Ball, location: 2F 0-1: Ball 1-1: SINGLE (Flyball, 8RS)
|
Batting: RHB José Magana
|
0-0: Swinging Strike 0-1: Foul Ball, location: 2F 0-2: Strikes out swinging
|
Pinch Hitting: SHB Britt Ducker
|
0-0: Ball 1-0: Called Strike 1-1: Ball 2-1: Reached on error, E4 (Groundball, 4) SaQwan Hackett to second
|
Batting: RHB Geoffrey Broekhuizen
|
0-0: Foul Ball, location: 2F 0-1: Fly out, F9 (Flyball, 9LM)
|
Bottom of the 8th over - 0 run(s), 1 hit(s), 1 error(s), 2 left on base; Louisiana 3 - Connetquot 2 |
TOP OF THE 9TH |
Louisiana Dragoons batting - Pitching for Connetquot Chiefs : RHP Carlos Rosales
|
Pitching: LHP Mario Hurrado
|
|
Now at 3B: Félix Fernández
|
|
Batting: RHB Eduardo Rivera
|
0-0: Ball 1-0: Foul Ball, location: 2F 1-1: SINGLE (Groundball, 4MD)
|
Pinch Hitting: RHB Alberto Figueroa
|
0-0: Ball 1-0: Called Strike 1-1: Ball 2-1: Ball 3-1: Bunt missed! 3-2: SINGLE (Groundball, 6MD) Eduardo Rivera to second Runner from 2nd tries for 3rd, SAFE, no throw or cutoff
|
Batting: RHB Roberto Hernández
|
0-0: Foul Ball, location: 2F 0-1: Foul Ball, location: 2F 0-2: Ball 1-2: Ball 2-2: Ball 3-2: Fly out, F7 (Flyball, 78M) Runner from 3rd tags up, SCORES, no throw
|
Batting: RHB Armando Carmona
|
0-0: Swinging Strike 0-1: Called Strike 0-2: Foul Ball, location: 2F 0-2: Ball 1-2: Grounds into double play, U4-3 (Groundball, 4)
|
Top of the 9th over - 1 run(s), 2 hit(s), 0 error(s), 0 left on base; Louisiana 4 - Connetquot 2 |
BOTTOM OF THE 9TH |
Connetquot Chiefs batting - Pitching for Louisiana Dragoons : RHP Ramón Martínez
|
Pitching: RHP Cornelius Bigelow
|
|
Now at C: Javier Solano
|
|
Batting: SHB Josh Sanders
|
0-0: Called Strike 0-1: Called Strike 0-2: Ball 1-2: Ball 2-2: Ball 3-2: Foul Ball, location: 2F 3-2: Foul Ball, location: 2F 3-2: Base on Balls
|
Pinch Hitting: RHB Tim Taylor
|
0-0: Ball 1-0: Ball 2-0: Ball 3-0: Called Strike 3-1: Base on Balls Josh Sanders to second
|
Pinch Hitting: RHB Pablo Ledesma
|
0-0: Ball 1-0: Sac Bunt - play at first, batter OUT! 1-3 Josh Sanders to third Tim Taylor to second
|
Batting: LHB Cornelius Taitt
|
0-0: Called Strike 0-1: SINGLE (Groundball, 4MD) Josh Sanders scores Tim Taylor to third Runner from 3rd tries for Home, SAFE, throw made home Cornelius Taitt to second
|
Batting: RHB David Pérez
|
0-0: Ball 1-0: Ground out 5-3 (Groundball, 56S) Cornelius Taitt to third
|
Batting: LHB SaQwan Hackett
|
0-0: Ground out 5-3 (Groundball, 5S)
|
Bottom of the 9th over - 2 run(s), 1 hit(s), 0 error(s), 1 left on base; Louisiana 4 - Connetquot 4 |
TOP OF THE 10TH |
Louisiana Dragoons batting - Pitching for Connetquot Chiefs : LHP Mario Hurrado
|
Now at 2B: Jim Unknown
|
|
Now in LF: Sheldon Deshotels
|
|
Batting: SHB Eduardo Pampin
|
0-0: Ball 1-0: Called Strike 1-1: Foul Ball, location: 2F 1-2: Ball 2-2: Ball 3-2: Fly out, F9 (Flyball, 89M)
|
Batting: RHB Wessel Wemerman
|
0-0: Called Strike 0-1: Foul Ball, location: 2F 0-2: Strikes out swinging
|
Pinch Hitting: RHB Warren Willis
|
0-0: Called Strike 0-1: Called Strike 0-2: Foul Ball, location: 2F 0-2: Ball 1-2: Strikes out looking
|
Top of the 10th over - 0 run(s), 0 hit(s), 0 error(s), 0 left on base; Louisiana 4 - Connetquot 4 |
BOTTOM OF THE 10TH |
Connetquot Chiefs batting - Pitching for Louisiana Dragoons : RHP Cornelius Bigelow
|
Now in CF: Warren Willis
|
|
Batting: RHB José Magana
|
0-0: Swinging Strike 0-1: Ball 1-1: Called Strike 1-2: Foul Ball, location: 2F 1-2: Foul Ball, location: 2F 1-2: Ball 2-2: Strikes out looking
|
Batting: LHB Félix Fernández
|
0-0: Ball 1-0: Swinging Strike 1-1: Swinging Strike 1-2: Ball 2-2: Strikes out swinging
|
Batting: RHB Geoffrey Broekhuizen
|
0-0: Ball 1-0: Ball 2-0: Ball 3-0: Base on Balls
|
Batting: SHB Josh Sanders
|
0-0: Called Strike 0-1: Ball 1-1: Foul Ball, location: 2F 1-2: Ball 2-2: Ball 3-2: Fly out, F9 (Flyball, 9LM)
|
Bottom of the 10th over - 0 run(s), 0 hit(s), 0 error(s), 1 left on base; Louisiana 4 - Connetquot 4 |
TOP OF THE 11TH |
Louisiana Dragoons batting - Pitching for Connetquot Chiefs : LHP Mario Hurrado
|
Pitching: RHP Vicente Escamilla
|
|
Pinch Hitting: LHB Jim Unknown
|
0-0: Called Strike 0-1: Called Strike 0-2: Ball 1-2: Strikes out swinging
|
Batting: LHB Damian Delaney
|
0-0: Reached on Error, E5 (Line Drive, 5)
|
Pinch Hitting: LHB Luis Moreno
|
0-0: Called Strike 0-1: Ball 1-1: Ball 2-1: Ball 3-1: Fly out, F9 (Flyball, 9D)
|
Pinch Hitting: RHB Emmanuele Lucchetti
|
0-0: Called Strike Damian Delaney is caught stealing 2nd base
|
Top of the 11th over - 0 run(s), 0 hit(s), 1 error(s), 0 left on base; Louisiana 4 - Connetquot 4 |
BOTTOM OF THE 11TH |
Connetquot Chiefs batting - Pitching for Louisiana Dragoons : RHP Cornelius Bigelow
|
Pitching: RHP Del Sweet
|
|
Now at C: Lou Lumsden
|
|
Now at 2B: Emmanuele Lucchetti
|
|
Now in RF: Luis Moreno
|
|
Batting: RHB Jim Unknown
|
0-0: Ball 1-0: Called Strike 1-1: Ball 2-1: Ball 3-1: Swinging Strike 3-2: Strikes out swinging
|
Pinch Hitting: RHB Sang Hong-Do
|
0-0: Ground out 5-3 (Groundball, 56)
|
Batting: LHB Cornelius Taitt
|
0-0: Called Strike 0-1: Ball 1-1: SINGLE (Line Drive, 6MD)
|
Batting: RHB David Pérez
|
0-0: Fly out, F8 (Flyball, 8LM)
|
Bottom of the 11th over - 0 run(s), 1 hit(s), 0 error(s), 1 left on base; Louisiana 4 - Connetquot 4 |
TOP OF THE 12TH |
Louisiana Dragoons batting - Pitching for Connetquot Chiefs : RHP Vicente Escamilla
|
Now in RF: Sang Hong-Do
|
|
Batting: RHB Emmanuele Lucchetti
|
0-0: Foul Ball, location: 2F 0-1: Called Strike 0-2: Foul Ball, location: 2F 0-2: Ball 1-2: Fly out, F8 (Flyball, 8RM)
|
Batting: RHB Roberto Hernández
|
0-0: Called Strike 0-1: Ball 1-1: Swinging Strike 1-2: Fly out, F7 (Flyball, 78M)
|
Batting: RHB Armando Carmona
|
0-0: Ground out 4-3 (Groundball, 34)
|
Top of the 12th over - 0 run(s), 0 hit(s), 0 error(s), 0 left on base; Louisiana 4 - Connetquot 4 |
BOTTOM OF THE 12TH |
Connetquot Chiefs batting - Pitching for Louisiana Dragoons : RHP Del Sweet
|
Batting: LHB SaQwan Hackett
|
0-0: Called Strike 0-1: SINGLE (Flyball, 8LS)
|
Batting: RHB José Magana
|
0-0: Ball 1-0: Swinging Strike 1-1: Foul Ball, location: 2F 1-2: Ball 2-2: Foul Ball, location: 2F 2-2: SINGLE (Flyball, 9LS) SaQwan Hackett to second Runner from 2nd tries for 3rd, SAFE, no throw or cutoff
|
Batting: LHB Félix Fernández
|
0-0: Fly out, F7 (Line Drive, 78M) Runner from 3rd tags up, SCORES, throw made
|
|